 Dungeon Crawl Stone Soup version 0.31.0-11-ge490571c62 (webtiles) character file.

Game seed: 10722939207319865844

688 theswoord the Twirler (level 7, 0/50 HPs)
             Began as a Demonspawn Gladiator on Feb 2, 2024.
             Killed by nerve-wracking pain
             ... invoked by Grinder
              (12 damage)
             ... while paralysed by Grinder
             ... on level 5 of the Dungeon.
             The game lasted 00:05:40 (3993 turns).

theswoord the Twirler (Demonspawn Gladiator)        Turns: 3993, Time: 00:05:41

Health: 0/50       AC:  7    Str: 16    XL:     7   Next: 36%
Magic:  7/7        EV:  2    Int:  9    God:
Gold:   302        SH:  0    Dex: 14    Spells: 6/6 levels left

rFire   . . .        a - +0 quarterstaff
rCold   . . .        (shield currently unavailable)
rNeg    . . .        b - +0 leather armour
rPois   .            n - +2 hat
rElec   .            (no cloak)
rCorr   .            (no gloves)
SInv    .            (no boots)
Will    .....        (no amulet)
Stlth   +            (no ring)
HPRegen 0.28/turn    (no ring)
MPRegen 0.10/turn

%: no passive effects
@: paralysed, mighty
A: icy blue scales 1, demonic guardian 1, ignite blood 1
a: no special abilities


You were on level 5 of the Dungeon.
You visited 1 branch of the dungeon, and saw 5 of its levels.

You collected 302 gold pieces.

Inventory:

Hand Weapons
 a - a +0 quarterstaff (weapon)
Missiles
 e - a javelin
Armour
 b - a +0 leather armour (worn)
 c - a +0 helmet
 n - a +2 hat (worn)
 s - a +1 cloak
Jewellery
 u - a ring of protection from cold
Wands
 t - a wand of acid (8)
Scrolls
 i - 2 scrolls of teleportation
 o - a scroll of fear
Potions
 f - a potion of lignification
 h - a potion of invisibility
 j - a potion of cancellation
 k - 2 potions of curing
 l - 2 potions of degeneration
 m - a potion of brilliance {unknown}
 p - a potion of might
 q - 2 potions of mutation {unknown}
 r - a potion of resistance {unknown}


   Skills:
 - Level 2.0 Fighting
 + Level 7.9 Staves
 - Level 1.7 Throwing
 - Level 2.6 Dodging


You had 6 spell levels left.
You didn't know any spells.
Your spell library was empty.

Dungeon Overview and Level Annotations

Branches:
Dungeon (5/15)
 Temple: D:4-7

Altars:
Gozag
Okawaru

Shops:
D:3 :(

Annotations:
D:5 Grinder


Innate Abilities, Weirdness & Mutations

You are partially covered in icy blue scales. (AC +2)
A weak demonic guardian rushes to your aid.
Your demonic aura sometimes causes spilled blood to erupt in flames.


Message History

You sock Grinder!
Grinder is heavily wounded.
Grinder hits you.
* * * LOW HITPOINT WARNING * * *
You writhe in agony.
* * * LOW HITPOINT WARNING * * *
You hit Grinder.
Grinder is heavily wounded.
A hound comes into view.
Grinder gestures at you. You resist with significant effort.
You feel much better.
Grinder blinks!
The gnoll misses you.
The hound barks!
Grinder says, "There's only one good use for a tongue: cutting it out."
There is an open door here.
You sock the gnoll!
The gnoll is heavily wounded.
The gnoll hits you from afar with a +0 spear.
The gnoll hits you with a +0 club.
You hit the gnoll.
You kill the gnoll!
The gnoll attacks as it pursues you!
The gnoll hits you from afar with a +0 spear.
Grinder hits you.
* * * LOW HITPOINT WARNING * * *
You writhe in agony.
* * * LOW HITPOINT WARNING * * *
The gnoll attacks as it pursues you! The gnoll hits you but does no damage.
You hit Grinder.
Grinder is severely wounded.
Grinder gestures at you.
You suddenly lose the ability to move!
The gnoll hits you with a +0 club.
* * * LOW HITPOINT WARNING * * *
Grinder blinks!
The gnoll hits you with a +0 club.
* * * LOW HITPOINT WARNING * * *
The gnoll hits you but does no damage. Grinder gestures at you.
Pain shoots through your body!
You die...
Grinder sighs, "Dead already?
I want a refund."

..##......####...#######
....!........#.........<
....................###.
..............###...###.
....hg...####.# #.......
####..gg.# #.###.#.##..
+...###h## #.......#...
###. #g# #####.###... #
#@# #######.# #.#.
#ยง..........###+##
#.....##.....#...#
+5....''..........
#(....##..........
########..........
#......#'.. #......#...
#...)).....


You could see Grinder, a hound and 3 gnolls.

Vanquished Creatures
  Menkaure (D:4)
  An ogre (D:4)
  Blork the orc (D:5)
  2 bombardier beetles
  2 hounds (D:5)
  An orc priest (D:4)
  2 iguanas (D:4)
  An orc wizard (D:5)
  A gnoll (D:5)
  4 adders
  2 dart slugs
  3 ribbon worms
  11 orcs
  5 ball pythons
  4 bats
  9 endoplasms
  2 giant cockroaches
  11 goblins
  6 hobgoblins
  5 jackals
  2 quokkas (D:3)
  2 frilled lizards
  3 kobolds
  2 rats (D:3)
83 creatures vanquished.

Vanquished Creatures (collateral kills)
  2 orc wizards (D:4)
  An adder (D:5)
  An orc (D:5)
  A ball python (D:2)
5 creatures vanquished.

Grand Total: 88 creatures vanquished

Notes
Turn   | Place    | Note
-------+----------+-------------------------------------------
     0 | D:1      | theswoord the Demonspawn Gladiator began the quest for the
                  | Orb.
     0 | D:1      | Reached XP level 1. HP: 16/16 MP: 1/1
    59 | D:1      | Reached skill level 3 in Staves
    79 | D:1      | Gained mutation: Your demonic aura sometimes causes spilled
                  | blood to erupt in flames. [demonic ancestry]
    79 | D:1      | Reached XP level 2. HP: 13/22 MP: 2/2
   342 | D:1      | Found a faded altar of an unknown god.
   920 | D:2      | Gained mutation: A weak demonic guardian rushes to your
                  | aid. [demonic ancestry]
   920 | D:2      | Reached XP level 3. HP: 9/27 MP: 3/3
  1030 | D:2      | Reached skill level 4 in Staves
  1635 | D:3      | Reached XP level 4. HP: 28/33 MP: 4/4
  1724 | D:3      | Found Wuruomn's Book Shoppe.
  1738 | D:3      | Reached skill level 5 in Staves
  1788 | D:3      | Found Goyhoud's Weapon Shoppe.
  2581 | D:4      | Found an iron altar of Okawaru.
  2723 | D:4      | Reached XP level 5. HP: 17/38 MP: 5/5
  2831 | D:4      | Noticed Menkaure
  2843 | D:4      | Killed Menkaure
  2844 | D:4      | Reached skill level 6 in Staves
  2844 | D:4      | Gained mutation: You are partially covered in icy blue
                  | scales. (AC +2) [demonic ancestry]
  2844 | D:4      | Reached XP level 6. HP: 44/44 MP: 6/6
  3215 | D:4      | Reached skill level 7 in Staves
  3556 | D:5      | Entered Level 5 of the Dungeon
  3640 | D:5      | Reached XP level 7. HP: 11/50 MP: 7/7
  3760 | D:5      | Noticed Blork the orc
  3776 | D:5      | Killed Blork the orc
  3831 | D:5      | Found an opulent altar of Gozag.
  3976 | D:5      | Noticed Grinder
  3990 | D:5      | Paralysed by Grinder for 5 turns
  3993 | D:5      | Killed from afar by Grinder

Skill      XL: |  1  2  3  4  5  6 |
---------------+-------------------+-----
Staves         | 3 4 5 6 7 |  7.9
Fighting       | |  2.0
Throwing       | |  1.7
Dodging        | |  2.6

Action                     |  1- 3 |  4- 6 |  7- 9 || total
---------------------------+-------+-------+-------++-------
  Melee: Quarterstaff      |   114 |   130 |    53 ||   297
  Throw: Throwing net      |       |     1 |     2 ||     3
    Use: Scroll            |     9 |     4 |       ||    13
         Potion            |       |     2 |     2 ||     4
   Stab: Held in net/web   |       |     1 |     1 ||     2
         Invisible         |       |     1 |       ||     1
         Distracted        |       |       |     1 ||     1
 Armour: Leather armour    |    67 |    70 |    30 ||   167
  Dodge: Dodged            |    86 |    85 |    24 ||   195

Levels and vault maps discovered:
D:1:      roderic_crossed_star, layout_basic, hellmonk_ecumenical_altar_zigzags,
          minmay_pentomino_v4
D:2:      layout_rooms, serial_rivers, chequers_serial_rivers_micro_d,
          chequers_serial_rivers_small_a, chequers_serial_rivers_small_3,
          chequers_serial_rivers_micro_b, chequers_serial_rivers_micro_d,
          chequers_serial_rivers_marsh
D:3:      layout_loops_ring, serial_shops, shop, shop
D:4:      layout_loops_cross, okawaru_gym_becter, kennysheep_donut,
          uniq_menkaure
D:5:      layout_basic, nicolae_gozag_seed_capital, minivault_11,
          uniq_blork_the_orc, uniq_crazy_yiuf_cottage, uniq_grinder,
          uniq_eustachio
